 Dungeon Crawl Stone Soup version 0.27-a0-328-g7f782ed93a (webtiles) character file.

Game seed: 11161545146810285237

248 wampuh the Ducker (level 5, 0/43 HPs)
             Began as a Demonspawn Gladiator on Feb 12, 2021.
             Was an Initiate of Dithmenos.
             Slain by a scorpion (7 damage)
             ... on level 4 of the Dungeon.
             The game lasted 00:03:31 (2944 turns).

wampuh the Ducker (Demonspawn Gladiator)            Turns: 2944, Time: 00:03:32

Health: 0/43       AC:  9    Str: 20    XL:     5   Next: 86%
Magic:  5/5        EV: 14    Int: 11    God:    Dithmenos [......]
Gold:   146        SH:  0    Dex: 20    Spells: 4/4 levels left

rFire    . . .     SeeInvis .   q - +1 falchion (elec)
rCold    . . .     Faith    .   (no shield)
rNeg     . . .     Spirit   .   b - +0 leather armour
rPois    .         Reflect  .   c - +0 helmet
rElec    .         Harm     .   (no cloak)
rCorr    .         Rampage  .   p - +0 pair of gloves
Will     .....                  n - +1 pair of boots {Stlth+}
Stlth    +++.......             (no amulet)
HPRegen  0.14/turn              r - +6 ring of strength
MPRegen  0.09/turn              l - +6 ring of dexterity

@: no status effects
A: rugged brown scales 2, powered by pain 1, demonic magic 1
a: Renounce Religion


You were on level 4 of the Dungeon.
You worshipped Dithmenos.
Dithmenos was noncommittal.
You visited 1 branch of the dungeon, and saw 4 of its levels.

You collected 146 gold pieces.

Inventory:

Hand Weapons
 a - a +0 rapier
 q - a +1 falchion of electrocution (weapon)
Missiles
 d - 3 throwing nets (quivered)
Armour
 b - a +0 leather armour (worn)
 c - a +0 helmet (worn)
 n - a +1 pair of boots of stealth (worn)
 p - a +0 pair of gloves (worn)
Jewellery
 k - a +4 ring of slaying
 l - a +6 ring of dexterity (right hand)
 r - a +6 ring of strength (left hand)
 s - a ring of fire
Scrolls
 f - 2 scrolls of immolation {unknown}
 g - a scroll of identify
 h - 2 scrolls of random uselessness {unknown}
 j - 2 scrolls of amnesia
 o - a scroll of teleportation {unknown}
 t - a scroll of enchant weapon {unknown}
Potions
 e - a potion of heal wounds {unknown}
 i - a potion of brilliance {unknown}
 m - a potion of attraction {unknown}


   Skills:
 + Level 3.0 Fighting
 + Level 3.4 Short Blades
 + Level 2.8 Throwing
 + Level 3.5 Dodging
 - Level 3.0 Stealth


You had 4 spell levels left.
You didn't know any spells.
Your spell library was empty.

Dungeon Overview and Level Annotations

Branches:
Dungeon (4/15)
 Temple: D:4-7

Altars:
Dithmenos
Qazlal


Innate Abilities, Weirdness & Mutations

You are mostly covered in rugged brown scales. (AC +2, +5% HP)
You sometimes gain a little power by taking damage.
Spells you cast may paralyse adjacent enemies.


Message History

The ogre hits you with a +0 giant club!
You completely miss the ogre.
The ogre is moderately wounded.
The ogre hits you with a +0 giant club!
You are too injured to fight recklessly!
You are too injured to fight recklessly!
You are too injured to fight recklessly!
You completely miss the ogre.
The ogre is moderately wounded.
The ogre closely misses you.
You riposte.
You hit the ogre but do no damage.
The ogre is moderately wounded.
You slash the ogre!
The ogre is heavily wounded.
The ogre closely misses you.
You riposte.
You barely miss the ogre.
The ogre is heavily wounded.
You hit the ogre.
The ogre is heavily wounded.
The ogre hits you with a +0 giant club.
You hit the ogre.
The ogre is severely wounded.
The scorpion closely misses you. The ogre barely misses you.
The scorpion misses you.
You hit the ogre.
The ogre is severely wounded.
The scorpion stings you. The ogre closely misses you.
You hit the ogre.
The ogre is almost dead.
The scorpion closely misses you.
You barely miss the ogre.
The ogre is almost dead.
The ogre barely misses you. The scorpion stings you!
* * * LOW HITPOINT WARNING * * *
You hit the ogre.
The ogre is almost dead.
The ogre closely misses you. The scorpion misses you.
You hit the ogre. Lightning courses through the ogre!!
You kill the ogre!
Dithmenos accepts your kill. The scorpion stings you!
You die...

. .. ..########
.#
#.......#####.
#............
#...s....# .#
#...)@...##.#
#.....?.....#
#.........####.#
#.(............#
########..######
#.># #..#
#####..#
#......#


You could see a scorpion.

Vanquished Creatures
  Sigmund (D:4)
  An ogre (D:4)
  2 adders
  A worm (D:3)
  A dart slug (D:4)
  A leopard gecko (D:4)
  5 orcs (D:3)
  7 bats
  2 giant cockroaches (D:1)
  11 goblins
  8 hobgoblins
  6 jackals
  4 kobolds
  3 frilled lizards
  2 rats
55 creatures vanquished.

Notes
Turn   | Place    | Note
-------+----------+-------------------------------------------
     0 | D:1      | wampuh the Demonspawn Gladiator began the quest for the
                  | Orb.
     0 | D:1      | Reached XP level 1. HP: 16/16 MP: 1/1
   186 | D:1      | Gained mutation: You sometimes gain a little power by
                  | taking damage. [demonic ancestry]
   186 | D:1      | Reached XP level 2. HP: 22/22 MP: 2/2
   362 | D:1      | Reached skill level 1 in Stealth
   850 | D:1      | Gained mutation: Spells you cast may paralyse adjacent
                  | enemies. [demonic ancestry]
   850 | D:1      | Reached XP level 3. HP: 27/27 MP: 3/3
  1596 | D:2      | Found a stormy altar of Qazlal.
  2161 | D:3      | Found a shadowy altar of Dithmenos.
  2169 | D:3      | Became a worshipper of Dithmenos the Shadowed
  2233 | D:3      | Gained mutation: You are partially covered in rugged brown
                  | scales. (AC +1, +3% HP) [demonic ancestry]
  2233 | D:3      | Reached XP level 4. HP: 28/35 MP: 4/4
  2653 | D:4      | Noticed Sigmund
  2666 | D:4      | Killed Sigmund
  2667 | D:4      | Gained mutation: You are mostly covered in rugged brown
                  | scales. (AC +2, +5% HP) [demonic ancestry]
  2667 | D:4      | Reached XP level 5. HP: 12/42 MP: 5/5
  2923 | D:4      | Noticed an ogre
  2944 | D:4      | Killed an ogre
  2944 | D:4      | Slain by a scorpion

Illustrated notes

Levels and vault maps discovered:
D:1:      saegor_arrival_miasma, layout_basic, serial_rivers,
          chequers_serial_rivers_micro_b, chequers_serial_rivers_micro_d,
          chequers_serial_rivers_small_3, chequers_serial_rivers_large_a
D:2:      layout_rooms, nicolae_overflow_hidden_temple
D:3:      layout_basic, amethyst_killhole, grunt_dithmenos_smoke_and_mirrors
D:4:      layout_loops_cross, minmay_temple_entry_glassed_door,
          grunt_ministairs_14, uniq_sigmund, uniq_blork_the_orc

Skill      XL: |  1  2  3  4  5 |
---------------+----------------+-----
Throwing       | 2 |  2.8
Stealth        | 1 2 3 |  3.0
Dodging        | 3 |  3.5
Short Blades   | 3 |  3.4
Fighting       | 3 |  3.0

Action                   |  1- 3 |  4- 6 || total
-------------------------+-------+-------++-------
Melee: Rapier            |   123 |       ||   123
       Falchion          |    13 |    28 ||    41
  Use: Scroll            |       |     3 ||     3
 Stab: Sleeping          |     6 |       ||     6
Armor: Leather armour    |    36 |     2 ||    38
Dodge: Dodged            |   107 |    23 ||   130
       Rpst.: Falchion   |     3 |     7 ||    10

Table legend: (Time is in decaauts)
 A = Elapsed time spent in this place.
 B = Non-inter-level travel time spent in this place.
 C = Inter-level travel time spent in this place.
 D = Time resting spent in this place.
 E = Time spent auto-exploring this place.
 F = Levels seen in this place.
 G = Mean time per level.
                   A        B        C        D        E       F      G
               +--------+--------+--------+--------+--------+-----+--------+
         Total |   2968 |   2918 |     50 |    504 |   1984 |   4 |  742.0 |
       Dungeon |   2968 |   2918 |     50 |    504 |   1984 |   4 |  742.0 |
               +--------+--------+--------+--------+--------+-----+--------+

Top non-repeatable levels by time:
     D:1: 1112 daAuts
     D:3: 865 daAuts
     D:2: 695 daAuts
     D:4: 295 daAuts
